 Dungeon Crawl Stone Soup version 0.30-a0-121-gb27577e5d9 (webtiles) character file.

Game seed: 7903327919136944491

163 MisterAzrael the Conjurer (level 5, -3/28 HPs)
             Began as a Deep Elf Conjurer on Sept 14, 2022.
             Slain by Pikel
             ... wielding a +0 whip of freezing
              (13 damage)
             ... on level 3 of the Dungeon.
             The game lasted 00:04:50 (3982 turns).

MisterAzrael the Conjurer (Deep Elf Conjurer)       Turns: 3982, Time: 00:04:51

Health: -3/28      AC:  4    Str:  4    XL:     5   Next: 20%
Magic:  21/21      EV: 12    Int: 25    God:
Gold:   22         SH:  0    Dex: 13    Spells: 3/13 levels left

rFire   . . .      SeeInvis .    n - +4 dagger (elec)
rCold   . . .      Faith    .    (no shield)
rNeg    . . .      Spirit   .    o - +2 robe {Will+}
rPois   .          Reflect  .    (helmet restricted)
rElec   .          Harm     .    (no cloak)
rCorr   .          Rampage  .    (no gloves)
Will    +....                    (no boots)
Stlth   ++........               (no amulet)
HPRegen 0.09/turn                g - ring of magical power
MPRegen 0.17/turn                s - ring of wizardry

@: no status effects
A: horns 1, low MP 1
a: no special abilities


You were on level 3 of the Dungeon.
You visited 1 branch of the dungeon, and saw 4 of its levels.

You collected 162 gold pieces.
You spent 140 gold pieces at shops.

Inventory:

Hand Weapons
 n - a +4 dagger of electrocution (weapon)
Armour
 a - a +0 robe
 o - a +2 robe of willpower (worn)
Magical Staves
 m - a staff of death
Jewellery
 g - a ring of magical power (left hand)
 s - a ring of wizardry (right hand)
 t - a +6 ring of intelligence
Wands
 k - a wand of charming (11)
Scrolls
 d - a scroll of identify {unknown}
 e - a scroll of teleportation {unknown}
 f - a scroll of vulnerability {unknown}
 l - a scroll of poison {unknown}
 q - a scroll of immolation {unknown}
 r - a scroll of brand weapon {unknown}
Potions
 b - a potion of magic
 c - 3 potions of might
 h - a potion of mutation
 i - 2 potions of curing {unknown}
 j - a potion of flight {unknown}
 p - a potion of cancellation {unknown}


   Skills:
 - Level 2.4 Dodging
 - Level 2.5 Stealth
 + Level 4.8 Spellcasting
 * Level 6.4 Conjurations


You had 3 spell levels left.
You knew the following spells:

 Your Spells              Type           Power      Damage    Failure   Level
a - Magic Dart            Conj           100%       1d8       1%          1
b - Searing Ray           Conj           76%        2d7       1%          2
c - Dazzling Flash        Conj/Hex       44%        N/A       2%          3
d - Fulminant Prism       Conj/Hex       11%        3d9       9%          4

Your spell library contained the following spells:

 Spells                   Type           Power      Damage    Failure   Level
 Cigotuvi's Dreadful Rot  Necr/Pois/Air  12%        N/A       5%          2
 Poisonous Vapours        Pois/Air       12%        N/A       5%          2
 Iskenderun's Mystic Bla  Conj/Tloc      22%        2d6       9%          4
 Dispel Undead            Necr           6%         3d8       32%         4
 Death Channel            Necr           3%         N/A       99%         6


Dungeon Overview and Level Annotations

Branches:
Dungeon (4/15)
 Temple: D:4-7

Altars:

Shops:
D:3 *

Annotations:
D:3 Pikel


Innate Abilities, Weirdness & Mutations

You have a pair of small horns on your head.
Your magical capacity is low. (-10% MP)


Message History

There is a stone staircase leading down, spattered with blood here.
Casting: Searing Ray (safe; 1% risk of failure)
Confirm with . or Enter, or press ? or * to list all spells.
Aiming: Searing Ray (safe; 1% risk of failure)
Press: ? - help, Shift-Dir - straight line, f - lemure
Aim: a lemure (76% to hit)
The searing ray hits the lemure!
The lemure is moderately wounded. (Press . to maintain the ray.)
The lemure hits you.
The searing ray hits the lemure!
The lemure is heavily wounded.
The lemure hits you but does no damage.
The searing ray hits the lemure!
The lemure is almost dead.
The lemure barely misses you.
The searing ray hits the lemure.
You kill the lemure!
That felt strangely unrewarding.
You finish channelling your searing ray.
You start resting.
HP restored.
You start resting.
Magic restored.
There is a stone staircase leading down, spattered with blood here.
You can't go up here!
You climb downwards.
Level annotation: Pikel The lemure hits you.
The lemure barely misses you.
Pikel drinks a potion.
Pikel seems to grow stronger.
There is a stone staircase leading up here.
The lemure hits you. The lemure hits you!
Pikel hits you with a +0 whip of freezing!
Pikel freezes you.
You climb upwards.
There is a stone staircase leading down, spattered with blood here.
It was a potion of mutation.
You feel extremely strange.
You feel less energetic. A pair of horns grows on your head!
Pikel hits you with a +0 whip of freezing!
You die...

#.........#.#≈≈≈≈###.............
##......#^..#≈~.≈#...~...~..~..~.
.#......###.#~..≈~~~~~~~~.~.~~~~.
.#......# #.~~≈≈.≈~~~~.~~~~~~≈~~.
.##.##### #.#~~~≈~≈.≈~~~~~~~~~≈≈≈
.##.# #.#..~~.~~.≈~~~~~~~~≈≈≈
.##.# #.##~..........~..#≈≈≈≈
###.# #.####.5..###.######≈≈≈
###.# #.####@.####..## ##≈≈ ##..#
#....5K........# ##≈ #..##
##############.# ≈≈ #.##
#......<#.# # #.# #.###.#.#.# ..#
#.# #.#.#.# .## #.# #.#.#.# .#
#.# #.#.#.# ## #.# #.#.#.#


You could see Pikel (strong) and 2 lemures.

Vanquished Creatures
  2 lemures (D:3)
  Jessica (D:2)
  A gnoll (D:1)
  5 adders
  A worm (D:2)
  A dart slug (D:3)
  An orc (D:3)
  11 ball pythons
  6 endoplasms
  2 giant cockroaches
  8 goblins
  9 hobgoblins
  3 jackals (D:1)
  8 kobolds
  3 quokkas
  2 bats
  7 frilled lizards
  7 rats
78 creatures vanquished.

Notes
Turn   | Place    | Note
-------+----------+-------------------------------------------
     0 | D:1      | MisterAzrael the Deep Elf Conjurer began the quest for the
                  | Orb.
     0 | D:1      | Reached XP level 1. HP: 10/10 MP: 6/6
   271 | D:1      | Reached XP level 2. HP: 15/15 MP: 6/8
   335 | D:1      | Learned a level 2 spell: Searing Ray
   469 | D:1      | Reached skill level 5 in Conjurations
   681 | D:1      | Reached XP level 3. HP: 19/19 MP: 1/10
  1921 | D:2      | Reached XP level 4. HP: 24/24 MP: 4/12
  1926 | D:2      | Learned a level 3 spell: Dazzling Flash
  1931 | D:2      | Learned a level 4 spell: Fulminant Prism
  2257 | D:2      | Noticed Jessica
  2262 | D:2      | Killed Jessica
  2327 | D:2      | Reached skill level 6 in Conjurations
  3018 | D:3      | Reached XP level 5. HP: 28/28 MP: 11/14
  3266 | D:3      | Found a faded altar of an unknown god.
  3324 | D:3      | Found Wimiyx's Assorted Antiques.
  3458 | D:3      | Bought an emerald ring for 140 gold pieces
  3852 | D:4      | Noticed Pikel
  3852 | D:4      | Noticed a lemure
  3852 | D:4      | Noticed a lemure
  3852 | D:4      | Noticed a lemure
  3852 | D:4      | Noticed a lemure
  3874 | D:3      | Killed a lemure
  3951 | D:3      | Killed a lemure
  3982 | D:3      | Gained mutation: Your magical capacity is low. (-10% MP)
                  | [potion of mutation]
  3982 | D:3      | Gained mutation: You have a pair of small horns on your
                  | head. [potion of mutation]
  3982 | D:3      | Slain by Pikel

Illustrated notes

Levels and vault maps discovered:
D:1:      dpeg_arrival_lava_altar, layout_basic, serial_corexii_hall,
          corexii_hall_statues_x, chequers_hall_statues_corner_a,
          chequers_hall_statues_wall_a, minmay_misc_feat_alley,
          chequers_serial_rivers_small_b
D:2:      kb_forest_paths, layout_basic, uniq_jessica
D:3:      layout_basic, hellmonk_ecumenical_altar_zigzags, serial_shops, shop,
          wad_floor_pattern_2, chequers_serial_rivers_large_a
D:4:      cheibrodos_greedy_goblins, layout_loops_cross,
          gammafunk_ghost_necromancy, serial_shops, nicolae_shop_behind_doors,
          uniq_robin, uniq_grinder, uniq_sigmund, uniq_pikel

Skill      XL: |  1  2  3  4 |
---------------+-------------+-----
Conjurations   | 5 6 |  6.4
Spellcasting   | 4 |  4.8
Dodging        | |  2.4
Stealth        | |  2.5

Action                   |  1- 3 |  4- 6 || total
-------------------------+-------+-------++-------
Melee: Dagger            |       |     3 ||     3
 Cast: Magic Dart        |    77 |    79 ||   156
       Searing Ray       |       |     3 ||     3
       Dazzling Flash    |       |     1 ||     1
  Use: Potion            |       |     1 ||     1
Armor: Robe              |     4 |     5 ||     9
Dodge: Dodged            |     7 |    12 ||    19

Table legend: (Time is in decaauts)
 A = Elapsed time spent in this place.
 B = Non-inter-level travel time spent in this place.
 C = Inter-level travel time spent in this place.
 D = Time resting spent in this place.
 E = Time spent auto-exploring this place.
 F = Levels seen in this place.
 G = Mean time per level.
                   A        B        C        D        E       F      G
               +--------+--------+--------+--------+--------+-----+--------+
         Total |   3989 |   3901 |     88 |    360 |   3128 |   4 |  997.2 |
       Dungeon |   3989 |   3901 |     88 |    360 |   3128 |   4 |  997.2 |
               +--------+--------+--------+--------+--------+-----+--------+

Top non-repeatable levels by time:
     D:1: 1473 daAuts
     D:2: 1320 daAuts
     D:3: 1192 daAuts
     D:4: 4 daAuts
